 Dungeon Crawl Stone Soup version 0.29-a0-1019-g84f7d21838 (webtiles) character file.

Game seed: 12708192669338628923

77 Stellion the Twirler (level 4, -2/27 HPs)
             Began as a Gargoyle Gladiator on Aug 10, 2022.
             Slain by Sigmund
             ... wielding a +0 scythe
              (5 damage)
             ... on level 2 of the Dungeon.
             The game lasted 00:05:37 (1889 turns).

Stellion the Twirler (Gargoyle Gladiator)           Turns: 1889, Time: 00:05:37

Health: -2/27      AC: 10    Str: 18    XL:     4   Next: 34%
Magic:  4/4        EV: 10    Int:  8    God:
Gold:   143        SH:  0    Dex: 13    Spells: 3/3 levels left

rFire   . . .      SeeInvis .   a - +1 quarterstaff
rCold   . . .      Faith    .   (shield currently unavailable)
rNeg    + . .      Spirit   .   q - +0 scale mail
rPois   ∞          Reflect  .   c - +0 helmet
rElec   +          Harm     .   (no cloak)
rCorr   .          Rampage  .   (no gloves)
Will    .....                   (no boots)
Stlth   ..........              (no amulet)
HPRegen 0.09/turn               (no ring)
MPRegen 0.09/turn               (no ring)

@: confused
A: sickness immunity, AC +3, negative energy resistance 1, electricity
resistance, torment resistance 1, petrification resistance
a: no special abilities


You were on level 2 of the Dungeon.
You visited 1 branch of the dungeon, and saw 2 of its levels.

You collected 143 gold pieces.

Inventory:

Hand Weapons
 a - a +1 quarterstaff (weapon)
 g - a +1 dagger of electrocution
Missiles
 n - 2 poisoned darts (quivered)
Armour
 b - a +0 leather armour
 c - a +0 helmet (worn)
 q - a +0 scale mail (worn)
Magical Staves
 h - a staff of earth
 i - a staff of poison
Jewellery
 r - a +4 ring of evasion
Scrolls
 f - 2 scrolls of identify
 s - a scroll of magic mapping {unknown}
 t - a scroll of enchant armour {unknown}
 u - a scroll of fog {unknown}
Potions
 j - a potion of brilliance
 k - 2 potions of mutation


   Skills:
 + Level 2.5 Fighting
 + Level 4.2 Staves
 + Level 1.9 Throwing
 + Level 1.1 Armour
 + Level 2.9 Dodging


You had 3 spell levels left.
You didn't know any spells.
Your spell library contained the following spells:

 Spells                   Type           Power      Damage    Failure   Level
 Stone Arrow              Conj/Erth      0%         3d7       99%         3
 Animate Armour           Summ/Erth      0%         N/A       100%        4
 Lehudib's Crystal Spear  Conj/Erth      0%         10d2      100%        8


Dungeon Overview and Level Annotations

Branches:
Dungeon (2/15)

Altars:

Annotations:
D:2 Sigmund


Innate Abilities, Weirdness & Mutations

You are immune to sickness and miasma.
Your stone body is resilient. (AC +3)
You are immune to poison.
You resist negative energy. (rN+)
You are resistant to electric shocks. (rElec)
You are resistant to unholy torment.
You are immune to petrification.


Message History

The adder closely misses you. Sigmund barely misses you.
The adder bites you but does no damage.
You barely miss the adder.
The adder is severely wounded.
The adder misses you.
You hit the adder.
You kill the adder!
Sigmund barely misses you.
Your Armour skill increases to level 1!
Throw: javelin
Press: ? - help, Q - select action, (/) - cycle Shift-Dir - straight line, f/p - Sigmund
Aim: Sigmund, wielding a +0 scythe and wearing a +0 robe (53% to hit)
You throw a javelin. The javelin completely misses Sigmund.
Sigmund casts a spell at you.
The puff of flame hits you but does no damage.
Sigmund casts a spell at you. The magic dart hits you!
There is an open door, spattered with blood here.
You see here an adder corpse.
You thump Sigmund!
Sigmund is heavily wounded.
Sigmund closely misses you.
You closely miss Sigmund.
Sigmund is heavily wounded.
Sigmund gestures wildly while chanting.
Sigmund flickers and vanishes!
Deactivating autopickup; reactivate with Ctrl-A.
You barely miss something. Something hits you!
* * * LOW HITPOINT WARNING * * *
Something hits you.
* * * LOW HITPOINT WARNING * * *
You hear some strange, mumbled words.
You are confused.
Something hits you but does no damage.
You bump into the rock wall.
Something hits you but does no damage.
There is an open door, spattered with blood here.
You see here an adder corpse.
You barely miss something. Something hits you but does no damage.
You barely miss something. Something hits you.
You die...

....###.##########..# #.# ....#
### #..# #.# ....### ######
#..# #.# ......## #..... #..#
#.# .......# #..... #..# #.#
.......# #..... #..#########.#
....##.# #..... #..#....†....#
..####+####.....##..#.#########
.........#(....{@...#.#
.........#......##.##.#
†........#......+.....#
.........#......##.####
.........##..... #.#
..........###### #.#
##........########.#
#...............#.#
####............#.#


There were no monsters in sight!

Vanquished Creatures
  2 adders (D:2)
  A dart slug (D:1)
  10 endoplasms
  2 giant cockroaches (D:1)
  5 goblins
  6 hobgoblins (D:1)
  3 quokkas
  4 ball pythons
  5 bats
  5 frilled lizards
  5 kobolds
  2 rats
50 creatures vanquished.

Vanquished Creatures (collateral kills)
  A hobgoblin (D:2)
  A kobold (D:2)
2 creatures vanquished.

Grand Total: 52 creatures vanquished

Notes
Turn   | Place    | Note
-------+----------+-------------------------------------------
     0 | D:1      | Stellion the Gargoyle Gladiator began the quest for the
                  | Orb.
     0 | D:1      | Reached XP level 1. HP: 12/12 MP: 1/1
   370 | D:1      | Reached XP level 2. HP: 17/17 MP: 2/2
   698 | D:1      | Reached XP level 3. HP: 19/22 MP: 3/3
  1348 | D:2      | Reached skill level 4 in Staves
  1409 | D:2      | Reached XP level 4. HP: 27/27 MP: 4/4
  1871 | D:2      | Noticed Sigmund
  1878 | D:2      | Reached skill level 1 in Armour
  1889 | D:2      | Slain by Sigmund

Illustrated notes

Levels and vault maps discovered:
D:1:      onia_arrival_handbag, layout_basic, minmay_octomino_j4
D:2:      layout_basic, uniq_sigmund

Skill      XL: |  1  2  3  4 |
---------------+-------------+-----
Staves         | 4 |  4.2
Armour         | 1 |  1.1
Fighting       | |  2.5
Throwing       | |  1.9
Dodging        | |  2.9

Action                   |  1- 3 |  4- 6 || total
-------------------------+-------+-------++-------
Melee: Quarterstaff      |   104 |    30 ||   134
Throw: Throwing net      |       |     3 ||     3
       Javelin           |       |     1 ||     1
  Use: Scroll            |       |     6 ||     6
 Stab: Sleeping          |     1 |       ||     1
Armor: Leather armour    |    17 |       ||    17
       Scale mail        |    25 |    12 ||    37
Dodge: Dodged            |    57 |    21 ||    78

Table legend: (Time is in decaauts)
 A = Elapsed time spent in this place.
 B = Non-inter-level travel time spent in this place.
 C = Inter-level travel time spent in this place.
 D = Time resting spent in this place.
 E = Time spent auto-exploring this place.
 F = Levels seen in this place.
 G = Mean time per level.
                   A        B        C        D        E       F      G
               +--------+--------+--------+--------+--------+-----+--------+
         Total |   1905 |   1888 |     17 |    100 |   1325 |   2 |  952.5 |
       Dungeon |   1905 |   1888 |     17 |    100 |   1325 |   2 |  952.5 |
               +--------+--------+--------+--------+--------+-----+--------+

Top non-repeatable levels by time:
     D:1: 1254 daAuts
     D:2: 650 daAuts
